[Event "Superliga 2011 M"]
[Site "?"]
[Date "2011.10.09"]
[Round "2.5"]
[White "Marin, Mihail"]
[Black "Cioara, Andrei-Nestor"]
[Result "1-0"]
[ECO "D11"]
[WhiteElo "2550"]
[BlackElo "2436"]
[PlyCount "93"]
[EventDate "2011.??.??"]
[TimeControl "5400"]

1. d4 d5 2. Nf3 Nf6 3. c4 c6 4. e3 Bg4 5. Nc3 e6 6. h3 Bh5 7. g4 Bg6 8. Ne5
Nbd7 9. Nxg6 hxg6 10. g5 Ng8 11. e4 dxe4 12. Nxe4 Nb6 13. c5 Nc8 14. h4 Nge7
15. Ng3 Nf5 16. Nxf5 gxf5 17. h5 Ne7 18. Bg2 Nd5 19. Qb3 Qc7 20. Bxd5 exd5 21.
Qf3 Qd7 22. Bf4 O-O-O 23. O-O-O Re8 24. Qg3 b6 25. Be5 Rg8 26. cxb6 axb6 27.
Qd3 Be7 28. Qa6+ Qb7 29. Qxb7+ Kxb7 30. Rdg1 f6 31. gxf6 gxf6 32. Rxg8 Rxg8 33.
Bf4 Kc8 34. h6 Kd7 35. a4 c5 36. Kc2 Bf8 37. f3 c4 38. Kc3 Rh8 39. b3 cxb3 40.
Kxb3 Rh7 41. Kc2 Kc6 42. Kd3 Kd7 43. Rb1 Kc6 44. Rc1+ Kb7 45. Rg1 Kc6 46. Rg6
Rf7 47. h7 1-0

[Event "Superliga 2011 M"]
[Site "?"]
[Date "2011.10.09"]
[Round "2.5"]
[White "Georgescu, Tiberiu-Marian"]
[Black "Manole, Stefan"]
[Result "1/2-1/2"]
[ECO "D30"]
[WhiteElo "2391"]
[BlackElo "2052"]
[PlyCount "45"]
[EventDate "2011.??.??"]
[TimeControl "5400"]

1. d4 d5 2. c4 c6 3. Nf3 Nf6 4. e3 e6 5. Bd3 Ne4 6. O-O Nd7 7. b3 f5 8. Qc2 Qf6
9. Ba3 Bxa3 10. Nxa3 O-O 11. b4 a5 12. b5 c5 13. dxc5 Ndxc5 14. cxd5 exd5 15.
Bxe4 fxe4 16. Qxc5 exf3 17. Qxd5+ Be6 18. Qxf3 Qxf3 19. gxf3 Bh3 20. Rfc1 Rxf3
21. Kh1 Raf8 22. Rc2 R8f6 23. Kg1 1/2-1/2

[Event "Superliga 2011 M"]
[Site "Brasov/Rumania"]
[Date "2011.10.10"]
[Round "3.1"]
[White "Nisipeanu, Liviu-Dieter"]
[Black "Mastrovasilis, Dimitrios"]
[Result "1-0"]
[ECO "C67"]
[WhiteElo "2638"]
[BlackElo "2607"]
[PlyCount "105"]
[EventDate "2011.??.??"]
[TimeControl "40/5400+30:1800+30"]

1. e4 e5 2. Nf3 Nc6 3. Bb5 Nf6 4. O-O Nxe4 5. d4 Nd6 6. Bxc6 dxc6 7. dxe5 Nf5
8. Qxd8+ Kxd8 9. Nc3 Be6 10. Rd1+ Kc8 11. Ng5 Bc4 12. e6 Bxe6 13. Nxe6 fxe6 14.
Ne4 Nd6 15. Ng5 Kd7 16. Bf4 Re8 17. Nf7 Rg8 18. Rd3 Kc8 19. Bxd6 cxd6 20. Nxd6+
Bxd6 21. Rxd6 Re7 22. Re1 Rd8 23. Rxd8+ Kxd8 24. Kf1 Kc7 25. Re3 e5 26. Ra3 a6
27. Rh3 g6 28. Rh6 Kd6 29. h4 Ke6 30. h5 Kf5 31. hxg6 hxg6 32. Ke2 Rd7 33. Rh8
Rd4 34. Rf8+ Ke6 35. Rb8 Rb4 36. b3 a5 37. c3 Re4+ 38. Kd3 Rf4 39. Ke3 b5 40.
g3 Rf7 41. Ra8 Rh7 42. Rxa5 Rh1 43. a4 bxa4 44. Rxa4 Rc1 45. Kd3 Rd1+ 46. Kc4
Rd2 47. Ra6 Kd6 48. b4 Kc7 49. Ra7+ Kb6 50. Rf7 e4 51. Rf4 Kc7 52. Rxe4 Rxf2
53. Re6 1-0

[Event "Superliga 2011 M"]
[Site "Brasov/Rumania"]
[Date "2011.10.10"]
[Round "3.1"]
[White "Svetushkin, Dmitry"]
[Black "Iordachescu, Viorel"]
[Result "1/2-1/2"]
[ECO "C84"]
[WhiteElo "2594"]
[BlackElo "2646"]
[PlyCount "48"]
[EventDate "2011.??.??"]
[TimeControl "40/5400+30:1800+30"]

1. e4 e5 2. Nf3 Nc6 3. Bb5 a6 4. Ba4 Nf6 5. O-O Be7 6. d3 b5 7. Bb3 d6 8. a4
Bg4 9. c3 O-O 10. h3 Bd7 11. Bc2 Re8 12. Re1 Bf8 13. Bg5 b4 14. Nbd2 h6 15. Bh4
Be7 16. Bg3 Rb8 17. d4 bxc3 18. bxc3 exd4 19. cxd4 Nb4 20. Bb1 Nh7 21. Nc4 Ng5
22. Nfd2 d5 23. Ne5 Be6 24. Nef3 Nxe4 1/2-1/2

[Event "Superliga 2011 M"]
[Site "Brasov/Rumania"]
[Date "2011.10.10"]
[Round "3.1"]
[White "Fedorov, Alexei"]
[Black "Mateuta, Gabriel"]
[Result "1/2-1/2"]
[ECO "B12"]
[WhiteElo "2609"]
[BlackElo "2507"]
[PlyCount "35"]
[EventDate "2011.??.??"]
[TimeControl "40/5400+30:1800+30"]

1. e4 c6 2. d4 d5 3. e5 c5 4. dxc5 Nc6 5. Nf3 Bg4 6. Bb5 Qa5+ 7. Nc3 e6 8. Be3
Nge7 9. a3 O-O-O 10. b4 Bxf3 11. gxf3 Qc7 12. Bxc6 Nxc6 13. Bd4 a6 14. f4 f6
15. exf6 gxf6 16. Bxf6 Bg7 17. Bxg7 Qxg7 18. Qd3 1/2-1/2

[Event "Superliga 2011 M"]
[Site "Brasov/Rumania"]
[Date "2011.10.10"]
[Round "3.1"]
[White "Danilov, Vladimir"]
[Black "Marin, Mihail"]
[Result "1/2-1/2"]
[ECO "A43"]
[WhiteElo "2441"]
[BlackElo "2550"]
[PlyCount "164"]
[EventDate "2011.??.??"]
[TimeControl "40/5400+30:1800+30"]

1. d4 e6 2. e4 c5 3. d5 exd5 4. exd5 d6 5. Nc3 Nf6 6. Nf3 Be7 7. Bb5+ Bd7 8.
O-O O-O 9. Re1 Re8 10. a4 Na6 11. Bg5 Nc7 12. Bxd7 Qxd7 13. Qd3 b6 14. Re2 h6
15. Bh4 a6 16. Rae1 b5 17. axb5 axb5 18. b3 b4 19. Bxf6 Bxf6 20. Ne4 Be7 21. h3
Bf8 22. g4 f5 23. gxf5 Qxf5 24. Nxc5 Qxh3 25. Rxe8 Qg4+ 26. Kh1 Qh5+ 27. Nh2
Rxe8 28. Rxe8 Qxe8 29. Ne4 Qf7 30. c4 bxc3 31. Nxc3 Qxf2 32. b4 Na8 33. b5 Nb6
34. Nf3 Qc5 35. Nd2 Be7 36. Qh3 Qf2 37. Nde4 Qf8 38. Kg2 Qf7 39. Qd3 Qf4 40.
Qd4 Bd8 41. Ne2 Qf7 42. N2g3 Qxd5 43. Qxd5+ Nxd5 44. Nxd6 Bc7 45. Nc4 g6 46.
Kf3 Kf7 47. Ne4 h5 48. Ne3 Nb6 49. Ng2 Nc4 50. Nf4 Bd8 51. Kg3 Ne5 52. Kh3 Ba5
53. Ng3 Nf3 54. Ngxh5 gxh5 55. Nxh5 Nd4 56. Kg4 Nxb5 57. Ng3 Bc7 58. Ne4 Nd4
59. Ng5+ Kf6 60. Ne4+ Ke5 61. Ng5 Nc2 62. Nf3+ Kf6 63. Nd2 Ba5 64. Ne4+ Ke5 65.
Ng5 Ne3+ 66. Kf3 Nf5 67. Kg4 Nh6+ 68. Kf3 Bd8 69. Ne4 Nf5 70. Ng3 Nd4+ 71. Kg4
Ba5 72. Nh5 Bd2 73. Ng3 Be1 74. Nf1 Nf5 75. Kf3 Ba5 76. Ng3 Nd4+ 77. Kg4 Be1
78. Nf1 Nf5 79. Kf3 Kd4 80. Kf4 Ne7 81. Ng3 Nd5+ 82. Kf3 Bxg3 1/2-1/2

[Event "Superliga 2011 M"]
[Site "Brasov/Rumania"]
[Date "2011.10.10"]
[Round "3.1"]
[White "Doncea, Vladimir"]
[Black "Manole, Vasile"]
[Result "1-0"]
[ECO "A30"]
[WhiteElo "2384"]
[BlackElo "2370"]
[PlyCount "81"]
[EventDate "2011.??.??"]
[TimeControl "40/5400+30:1800+30"]

1. Nf3 Nf6 2. c4 e6 3. g3 b6 4. Bg2 Bb7 5. O-O c5 6. Nc3 a6 7. d4 cxd4 8. Qxd4
d6 9. Rd1 Be7 10. b3 Nbd7 11. Ba3 Nc5 12. b4 Ncd7 13. b5 Nc5 14. bxa6 Rxa6 15.
Nb5 O-O 16. Qe3 Qb8 17. Nfd4 Bxg2 18. Kxg2 Qb7+ 19. Qf3 Rc8 20. Nb3 Qxf3+ 21.
Kxf3 Ne8 22. Bxc5 dxc5 23. a4 Rd8 24. Rxd8 Bxd8 25. a5 bxa5 26. Nxc5 Ra8 27.
Nb7 Bb6 28. c5 Bc7 29. Nxc7 Nxc7 30. Rxa5 Kf8 31. Rxa8+ Nxa8 32. Ke4 Ke7 33. c6
Nb6 34. Kd4 f5 35. f3 g5 36. e4 fxe4 37. fxe4 Kf6 38. Kc5 Nc8 39. Nd6 Ne7 40.
Nc4 Nc8 41. c7 1-0

[Event "Superliga 2011 M"]
[Site "Brasov/Rumania"]
[Date "2011.10.10"]
[Round "3.1"]
[White "Chifor, Ovidiu-Emanuel"]
[Black "Georgescu, Tiberiu-Marian"]
[Result "1/2-1/2"]
[ECO "E62"]
[WhiteElo "2256"]
[BlackElo "2391"]
[PlyCount "125"]
[EventDate "2011.??.??"]
[TimeControl "40/5400+30:1800+30"]

1. d4 Nf6 2. Nf3 g6 3. g3 Bg7 4. Bg2 O-O 5. O-O d6 6. c4 Nc6 7. Nc3 Bf5 8. Nh4
Bd7 9. h3 e5 10. Nf3 exd4 11. Nxd4 Qc8 12. Nxc6 bxc6 13. Kh2 Qa6 14. c5 d5 15.
Be3 Rab8 16. Bd4 Bf5 17. b3 Rb4 18. e3 Re8 19. Qd2 Qd3 20. Qxd3 Bxd3 21. Rfd1
Be4 22. f3 Bf5 23. Kg1 Nd7 24. Kf2 Bxd4 25. exd4 Nf8 26. Rd2 Bc8 27. Bf1 Ne6
28. Rad1 g5 29. Bd3 h6 30. Bc2 Ba6 31. Bf5 Nf8 32. Re1 Rxe1 33. Kxe1 Rb8 34.
Kf2 Re8 35. Rd1 Bc8 36. Bd3 Ne6 37. Bf5 Ng7 38. Bxc8 Rxc8 39. Ne2 Re8 40. Rd3
Kf8 41. Ke1 Nf5 42. Kf2 h5 43. g4 hxg4 44. hxg4 Ng7 45. Ng3 Ke7 46. Rd1 Rh8 47.
Rh1 Rxh1 48. Nxh1 f5 49. Ng3 Ke6 50. Ke2 fxg4 51. fxg4 Ne8 52. Nh5 Kd7 53. Kd2
Kc8 54. Kc3 Kb7 55. Kb4 a6 56. Ka5 Ka7 57. b4 Kb7 58. a4 Ka7 59. b5 axb5 60.
axb5 Kb7 61. bxc6+ Kxc6 62. Ka6 Nf6 63. Nxf6 1/2-1/2

[Event "Romanian Superliga 2011"]
[Site "Brasov/Rumania"]
[Date "2011.10.10"]
[Round "3.3"]
[White "Timoshenko, Georgy"]
[Black "Kamsky, Gata"]
[Result "1/2-1/2"]
[ECO "D15"]
[WhiteElo "2572"]
[BlackElo "2756"]
[PlyCount "82"]
[EventDate "2011.??.??"]
[TimeControl "40/5400+30:1800+30"]

1. d4 d5 2. c4 c6 3. Nf3 Nf6 4. Nc3 a6 5. Ne5 e6 6. Bf4 dxc4 7. Nxc4 b5 8. Ne5
Bb7 9. e3 Nbd7 10. Qf3 Bb4 11. Bd3 Qc8 12. O-O c5 13. Ne4 c4 14. Bc2 Be7 15.
Nxd7 Qxd7 16. Nxf6+ gxf6 17. Qh5 Bd6 18. Qh4 Bxf4 19. Qxf4 Qd5 20. f3 Qg5 21.
Qxg5 fxg5 22. b3 cxb3 23. Bxb3 Ke7 24. a4 Rhc8 25. Rfb1 Rc3 26. axb5 Rxe3 27.
bxa6 Rxa6 28. Rxa6 Bxa6 29. d5 h5 30. dxe6 fxe6 31. h3 Kf6 32. Bd1 Ra3 33. Rb2
Bc4 34. Kf2 h4 35. Be2 Bd5 36. Rb4 Ke5 37. Rg4 Kf5 38. Rd4 Rc3 39. Rb4 e5 40.
Rb5 Bc6 41. Rb8 e4 1/2-1/2

[Event "Superliga 2011 M"]
[Site "Brasov/Rumania"]
[Date "2011.10.10"]
[Round "3.3"]
[White "Volokitin, Andrei"]
[Black "Ionescu, Constantin"]
[Result "1/2-1/2"]
[ECO "B43"]
[WhiteElo "2686"]
[BlackElo "2436"]
[PlyCount "147"]
[EventDate "2011.??.??"]
[TimeControl "40/5400+30:1800+30"]

1. e4 c5 2. Nf3 e6 3. d4 cxd4 4. Nxd4 a6 5. Nc3 b5 6. Bd3 Bb7 7. O-O Nc6 8.
Nxc6 Bxc6 9. Re1 Bc5 10. Qh5 d6 11. e5 dxe5 12. Rxe5 Nf6 13. Rxe6+ Be7 14. Rxf6
Bxf6 15. Qc5 Rc8 16. Bf4 Qd4 17. Re1+ Kd8 18. Qxd4+ Bxd4 19. Bf5 Bxc3 20. Rd1+
Ke7 21. Bxc8 Rxc8 22. bxc3 f6 23. Bd6+ Kf7 24. Bb4 Rc7 25. f3 Rd7 26. Rd3 Bd5
27. a3 Ke6 28. Kf2 Bc4 29. Re3+ Kf7 30. Ke1 h5 31. Re4 Be6 32. h4 Bf5 33. Re2
Rc7 34. Kf2 Rd7 35. Kg3 Rc7 36. Kf4 Kg6 37. Re8 Rc4+ 38. Kg3 Rc6 39. Re7 Bxc2
40. Ra7 Bb3 41. Kf2 f5 42. Ke3 Kf6 43. Kf4 Rc4+ 44. Kg3 f4+ 45. Kf2 Rc6 46. Bf8
g6 47. Bg7+ Kf5 48. Ra8 Bf7 49. Bd4 Re6 50. Rf8 Re7 51. Ra8 Re6 52. Ra7 Be8 53.
Rg7 Rc6 54. Ke2 Re6+ 55. Kd3 Rc6 56. Ra7 Rd6 57. Kd2 Re6 58. Rg7 Rd6 59. Rg8
Bf7 60. Rf8 Rd7 61. Rc8 Bd5 62. Re8 Be6 63. Ra8 g5 64. hxg5 Kxg5 65. Rxa6 Bc4
66. Rc6 h4 67. a4 Bf1 68. Ke1 Bxg2 69. Kf2 h3 70. axb5 Rh7 71. Rc5+ Kg6 72.
Rc6+ Kg5 73. Rc5+ Kg6 74. Rc6+ 1/2-1/2

[Event "Superliga 2011 M"]
[Site "Brasov/Rumania"]
[Date "2011.10.10"]
[Round "3.3"]
[White "Moldovan, Daniel"]
[Black "Parligras, Mircea-Emilian"]
[Result "1/2-1/2"]
[ECO "B94"]
[WhiteElo "2436"]
[BlackElo "2625"]
[PlyCount "36"]
[EventDate "2011.??.??"]
[TimeControl "40/5400+30:1800+30"]

1. e4 c5 2. Nf3 d6 3. d4 cxd4 4. Nxd4 Nf6 5. Nc3 a6 6. Bg5 Nbd7 7. f4 Qc7 8.
Qf3 h6 9. Bxf6 Nxf6 10. f5 Qc5 11. O-O-O g5 12. Nb3 Qc7 13. Nd5 Nxd5 14. exd5
Bg7 15. h4 Rg8 16. hxg5 hxg5 17. Qe4 Bd7 18. Be2 Rc8 1/2-1/2

[Event "Superliga 2011 M"]
[Site "Brasov/Rumania"]
[Date "2011.10.10"]
[Round "3.3"]
[White "Lupulescu, Constantin"]
[Black "Raceanu, Valentin"]
[Result "1-0"]
[ECO "B67"]
[WhiteElo "2655"]
[BlackElo "2417"]
[PlyCount "81"]
[EventDate "2011.??.??"]
[TimeControl "40/5400+30:1800+30"]

1. e4 c5 2. Nf3 Nc6 3. d4 cxd4 4. Nxd4 Nf6 5. Nc3 d6 6. Bg5 Bd7 7. Qd2 Rc8 8.
f3 a6 9. O-O-O e6 10. Kb1 Be7 11. Be3 O-O 12. g4 Nxd4 13. Bxd4 b5 14. h4 b4 15.
Ne2 Qa5 16. g5 Nh5 17. Bh3 Bb5 18. Nc1 Rc4 19. Bg4 e5 20. Nb3 Qc7 21. Bxh5 exd4
22. Nxd4 Bd7 23. f4 Rc8 24. Rhe1 Qb6 25. Be2 R4c7 26. f5 a5 27. Qf4 a4 28. f6
Bf8 29. h5 Qc5 30. Rf1 Qe5 31. fxg7 Qxg7 32. h6 Qg6 33. Bd3 Rc5 34. e5 dxe5 35.
Qf3 f5 36. gxf6 Bg4 37. Qg2 Bf5 38. Qf2 Bxd3 39. Rxd3 Kf7 40. Rg3 Rxc2 41. Nxc2
1-0

[Event "Superliga 2011 M"]
[Site "Brasov/Rumania"]
[Date "2011.10.10"]
[Round "3.3"]
[White "Spulber, Cicirone"]
[Black "Nevednichy, Vladislav"]
[Result "1/2-1/2"]
[ECO "E62"]
[WhiteElo "2239"]
[BlackElo "2540"]
[PlyCount "85"]
[EventDate "2011.??.??"]
[TimeControl "40/5400+30:1800+30"]

1. Nf3 g6 2. d4 Bg7 3. g3 Nf6 4. Bg2 O-O 5. O-O d6 6. c4 c6 7. Nc3 Bf5 8. b3
Ne4 9. Bb2 Nxc3 10. Bxc3 Be4 11. e3 d5 12. Qe2 Nd7 13. Bh3 Bxf3 14. Qxf3 e6 15.
Qe2 dxc4 16. bxc4 c5 17. Bg2 Qc7 18. Rab1 Rab8 19. Rfc1 cxd4 20. exd4 b6 21.
Bb4 Rfe8 22. Rd1 Rbd8 23. Rbc1 Nb8 24. Qe4 Qd7 25. Bc3 Qa4 26. Bf1 e5 27. d5
Nd7 28. Qc2 Qxc2 29. Rxc2 e4 30. Re1 f5 31. Bxg7 Kxg7 32. a4 a5 33. Rb1 Kf6 34.
c5 bxc5 35. Rb5 Re5 36. Bc4 g5 37. Rxa5 f4 38. g4 e3 39. Ra6+ Ke7 40. fxe3 Rxe3
41. Re2 Rxe2 42. Bxe2 Nf6 43. Re6+ 1/2-1/2

[Event "Superliga 2011 M"]
[Site "Brasov/Rumania"]
[Date "2011.10.10"]
[Round "3.3"]
[White "Dragomirescu, Robin-Alexandru"]
[Black "Malureanu, Costin-George"]
[Result "1-0"]
[ECO "B67"]
[WhiteElo "2353"]
[BlackElo "2165"]
[PlyCount "75"]
[EventDate "2011.??.??"]
[TimeControl "40/5400+30:1800+30"]

1. e4 c5 2. Nf3 Nc6 3. d4 cxd4 4. Nxd4 Nf6 5. Nc3 d6 6. Bg5 e6 7. Qd2 a6 8.
O-O-O Bd7 9. f4 b5 10. Bxf6 gxf6 11. Kb1 b4 12. Nce2 Qb6 13. f5 e5 14. Nxc6
Bxc6 15. Ng3 h5 16. h4 a5 17. Bc4 Qc5 18. Qe2 Rc8 19. b3 Ke7 20. Nxh5 a4 21. g4
axb3 22. cxb3 Rxh5 23. gxh5 Bh6 24. Rh2 Rg8 25. Rg2 Rxg2 26. Qxg2 Qe3 27. Bd3
Kf8 28. Qc2 Qb6 29. Bc4 Qe3 30. Bd5 Bxd5 31. Rxd5 Qe1+ 32. Rd1 Qxh4 33. Qe2 Qg5
34. Qd3 Qxh5 35. Qxd6+ Kg7 36. Rg1+ Bg5 37. Qxb4 Qe2 38. Qc4 1-0

[Event "Superliga 2011 M"]
[Site "Brasov/Rumania"]
[Date "2011.10.10"]
[Round "3.4"]
[White "Manea, Alexandru"]
[Black "Jianu, Vlad-Cristian"]
[Result "1/2-1/2"]
[ECO "E62"]
[WhiteElo "2415"]
[BlackElo "2502"]
[PlyCount "44"]
[EventDate "2011.??.??"]
[TimeControl "40/5400+30:1800+30"]

1. Nf3 Nf6 2. c4 g6 3. g3 Bg7 4. Bg2 O-O 5. O-O c6 6. d4 d6 7. Nc3 Qa5 8. Nd2
Nbd7 9. Rb1 Qc7 10. b3 b6 11. b4 Bb7 12. Nb3 Rac8 13. h3 Ba6 14. Nd2 e5 15.
dxe5 Nxe5 16. Qb3 d5 17. b5 dxc4 18. Nxc4 cxb5 19. Nxe5 Qxc3 20. Qxc3 Rxc3 21.
Nc6 Re8 22. Nxa7 Rxe2 1/2-1/2

[Event "Superliga 2011 M"]
[Site "Brasov/Rumania"]
[Date "2011.10.10"]
[Round "3.4"]
[White "Filip, Lucian"]
[Black "Genov, Petar"]
[Result "1/2-1/2"]
[ECO "E07"]
[WhiteElo "2483"]
[BlackElo "2447"]
[PlyCount "55"]
[EventDate "2011.??.??"]
[TimeControl "40/5400+30:1800+30"]

1. Nf3 Nf6 2. c4 e6 3. g3 d5 4. d4 Bb4+ 5. Bd2 Be7 6. Bg2 c6 7. O-O O-O 8. Bf4
Nbd7 9. Nc3 b6 10. Rc1 Bb7 11. Nd2 Nh5 12. cxd5 exd5 13. Be3 Nhf6 14. Nf3 Bd6
15. Ne1 Re8 16. Nd3 Qe7 17. Bf4 Bxf4 18. Nxf4 Nf8 19. e3 Ne6 20. Nxe6 Qxe6 21.
Ne2 Ne4 22. Nf4 Qe7 23. Re1 Rad8 24. Qa4 Ba8 25. Nd3 g6 26. Qb4 Qf6 27. Re2 h5
28. Qe1 1/2-1/2

[Event "Superliga 2011 M"]
[Site "Brasov/Rumania"]
[Date "2011.10.10"]
[Round "3.4"]
[White "Grecescu, Gabriel-Andrei"]
[Black "Balla, Tamas-Kristof"]
[Result "1/2-1/2"]
[ECO "B20"]
[WhiteElo "2423"]
[BlackElo "2378"]
[PlyCount "192"]
[EventDate "2011.??.??"]
[TimeControl "40/5400+30:1800+30"]

1. e4 c5 2. Ne2 e6 3. d3 Nc6 4. g3 d5 5. Nd2 d4 6. Bg2 h5 7. h3 e5 8. O-O h4 9.
f4 hxg3 10. f5 Nf6 11. Nxg3 Bd6 12. Nc4 b5 13. Nxd6+ Qxd6 14. a4 b4 15. b3 Bb7
16. Bd2 O-O-O 17. Rf2 Rh7 18. Qf3 Rdh8 19. Raf1 Kb8 20. Re2 Bc8 21. Kf2 Bd7 22.
Ke1 Be8 23. Rg1 Nd8 24. Bf1 Bc6 25. Rh2 Nb7 26. Rgh1 Qd7 27. h4 Nd6 28. Bg5
Nde8 29. h5 Qb7 30. Bg2 a5 31. Qe2 Ka7 32. Bf3 Qa8 33. Rh4 Qb7 34. Nf1 Ng8 35.
R4h2 Nd6 36. Nd2 Ka6 37. Qg2 Qa8 38. Bh4 Qb7 39. Rh3 f6 40. Bf2 Ne8 41. Rg3 Ne7
42. Rg1 Nc8 43. Nc4 Nb6 44. Nxb6 Kxb6 45. Ke2 Rf8 46. Be1 Rf7 47. Rh3 Nd6 48.
Rh4 Re7 49. Qg6 Rh6 50. Qg2 Be8 51. Bd2 Rh7 52. h6 Qd7 53. Rgh1 Ka7 54. Qh2 Qb7
55. hxg7 Rhxg7 56. Rh6 Ref7 57. Rg1 Rxg1 58. Qxg1 c4 59. Qg8 cxd3+ 60. cxd3 Bc6
61. Qd8 Ne8 62. Qxa5+ Kb8 63. Rh8 Kc8 64. Qxb4 Qxb4 65. Bxb4 Rb7 66. Bd2 Rxb3
67. Bh5 Kd8 68. Ba5+ Ke7 69. Rh7+ Kf8 70. Bd8 Rb2+ 71. Kf1 Bxa4 72. Bxf6 Nxf6
73. Rf7+ Kg8 74. Rxf6 Bb5 75. Be2 Rb3 76. Re6 Bxd3 77. Bxd3 Rxd3 78. Rxe5 Re3
79. Kf2 Kf7 80. Re6 Kf8 81. Rf6+ Ke7 82. Re6+ Kf8 83. Re5 Kf7 84. Re6 Kf8 85.
Kg2 d3 86. Rd6 Rxe4 87. Rxd3 Re5 88. Rf3 Kf7 89. Kg3 Kf6 90. Kg4 Re4+ 91. Rf4
Re1 92. Ra4 Rg1+ 93. Kf4 Rf1+ 94. Kg4 Rg1+ 95. Kf4 Rf1+ 96. Kg4 Rg1+ 1/2-1/2

[Event "Superliga 2011 M"]
[Site "Brasov/Rumania"]
[Date "2011.10.10"]
[Round "3.4"]
[White "Bach, Adrian-Kalman"]
[Black "Bonte, Andrei-Mihai"]
[Result "1/2-1/2"]
[ECO "C65"]
[WhiteElo "2270"]
[BlackElo "2364"]
[PlyCount "153"]
[EventDate "2011.??.??"]
[TimeControl "40/5400+30:1800+30"]

1. e4 e5 2. Nf3 Nc6 3. Bb5 Nf6 4. Qe2 Bc5 5. c3 O-O 6. d3 Re8 7. Bg5 h6 8. Bh4
a6 9. Ba4 b5 10. Bb3 Be7 11. Bg3 d6 12. Nbd2 Na5 13. Bc2 c5 14. Nf1 Bb7 15. Ne3
g6 16. Nd2 Nh5 17. Nd5 Bxd5 18. exd5 f5 19. h3 Nxg3 20. fxg3 Qd7 21. O-O h5 22.
g4 fxg4 23. Qe4 Bg5 24. Qxg6+ Qg7 25. Qxg7+ Kxg7 26. Ne4 Be3+ 27. Kh2 Nb7 28.
hxg4 hxg4 29. Kg3 Rh8 30. Rh1 Rhg8 31. Raf1 Bf4+ 32. Kxg4 Raf8 33. g3 Bh6 34.
Rxf8 Rxf8 35. Rh2 Rf1 36. Rf2 Rc1 37. Nf6 Be3 38. Nh5+ Kg8 39. Re2 Kf7 40. Rxe3
Rxc2 41. Kg5 Rxb2 42. Rf3+ Ke7 43. g4 Rxa2 44. Kg6 Nd8 45. Ng3 b4 46. cxb4 cxb4
47. Nf5+ Kd7 48. Kf6 Rg2 49. g5 b3 50. Rh3 Kc7 51. Rh7+ Kb6 52. Nxd6 b2 53.
Nc4+ Kc5 54. Nxb2 Rxb2 55. g6 Kd6 56. Rh8 Rf2+ 57. Kg5 Nf7+ 58. gxf7 Rxf7 59.
Rh6+ Kxd5 60. Rxa6 Rf3 61. Ra8 Rxd3 62. Kg4 Ke4 63. Ra4+ Rd4 64. Ra3 Rc4 65.
Rb3 Rc8 66. Rb4+ Kd5 67. Kf3 Rc3+ 68. Ke2 Ra3 69. Kd2 Ke6 70. Re4 Kf5 71. Re3
Ra2+ 72. Ke1 Kf4 73. Rb3 e4 74. Rc3 Ra1+ 75. Ke2 Ra4 76. Rb3 Ke5 77. Ke3
1/2-1/2

[Event "Romanian Superliga 2011"]
[Site "Brasov/Rumania"]
[Date "2011.10.10"]
[Round "3.4"]
[White "Szabo, Attila"]
[Black "Domanyek, Ernest-Iosif"]
[Result "0-1"]
[ECO "C42"]
[WhiteElo "2290"]
[BlackElo "2202"]
[PlyCount "82"]
[EventDate "2011.??.??"]
[TimeControl "40/5400+30:1800+30"]

1. e4 e5 2. Nf3 Nf6 3. Nxe5 d6 4. Nf3 Nxe4 5. Qe2 Qe7 6. d3 Nf6 7. Bg5 Be6 8.
Nd4 Nc6 9. Nxe6 fxe6 10. Nc3 O-O-O 11. O-O-O h6 12. Bxf6 Qxf6 13. g3 Kb8 14.
Bg2 Nd4 15. Qe3 d5 16. Kb1 g5 17. Rhf1 Bg7 18. Rde1 Rd6 19. f4 g4 20. Nd1 a5
21. c3 Nf5 22. Qd2 Rb6 23. d4 Rc8 24. Nf2 c5 25. dxc5 Rxc5 26. Nd3 Qxc3 27.
Qxc3 Rxc3 28. Ne5 Bxe5 29. Rxe5 Ne3 30. Rf2 Rd3 31. a3 Nc4 32. Re1 Nxa3+ 33.
Ka2 Nc4 34. f5 exf5 35. Ree2 Ne3 36. Bh1 d4 37. Rf4 Rd1 38. Bg2 Rd6 39. Kb3 Rg1
40. Rff2 d3 41. Rxe3 d2 0-1

[Event "Superliga 2011 M"]
[Site "Brasov/Rumania"]
[Date "2011.10.10"]
[Round "3.4"]
[White "Bida, Mihai-Eugen"]
[Black "Hajbok, Robert"]
[Result "0-1"]
[ECO "B90"]
[WhiteElo "2141"]
[BlackElo "2272"]
[PlyCount "82"]
[EventDate "2011.??.??"]
[TimeControl "40/5400+30:1800+30"]

1. e4 c5 2. Nf3 d6 3. d4 cxd4 4. Nxd4 Nf6 5. Nc3 a6 6. f3 e5 7. Nb3 Be6 8. Be3
Be7 9. Qd2 O-O 10. O-O-O a5 11. a4 Nc6 12. Kb1 Nb4 13. g4 Rc8 14. g5 Nh5 15.
Rg1 g6 16. Qf2 Qe8 17. Bb5 Bd7 18. Bxd7 Qxd7 19. Bb6 Nf4 20. Qe3 Bd8 21. Bc5
Rc6 22. Nb5 Bc7 23. Qd2 Bb6 24. Bxb6 Rxb6 25. Nxa5 Rxb5 26. axb5 Qxb5 27. c3
Nbd3 28. b4 Ra8 29. Qa2 Nxb4 30. cxb4 Qxb4+ 31. Qb2 Qxa5 32. Rxd6 Ne2 33. Rgd1
Nc3+ 34. Kc2 Nxd1 35. Kxd1 Qc5 36. Rd2 Qg1+ 37. Kc2 Qxg5 38. Rd1 Qg2+ 39. Rd2
Qxf3 40. Qxe5 Ra2+ 41. Kc1 Qf1+ 0-1

[Event "Superliga 2011 M"]
[Site "Brasov/Rumania"]
[Date "2011.10.11"]
[Round "4.1"]
[White "Mastrovasilis, Dimitrios"]
[Black "Milu, Romeo-Sorin"]
[Result "1-0"]
[ECO "B55"]
[WhiteElo "2607"]
[BlackElo "2421"]
[PlyCount "110"]
[EventDate "2011.??.??"]
[TimeControl "40/5400+30:1800+30"]

1. e4 c5 2. Nf3 d6 3. d4 cxd4 4. Nxd4 Nf6 5. f3 e5 6. Nb3 d5 7. Bg5 Be6 8. Bxf6
gxf6 9. exd5 Qxd5 10. Qxd5 Bxd5 11. Nc3 Be6 12. O-O-O Nd7 13. Nb5 Ke7 14. Kb1
Bh6 15. Bd3 a6 16. Nc3 Rac8 17. Be4 Nc5 18. Nxc5 Rxc5 19. g4 Bf4 20. Ne2 b6 21.
Nxf4 exf4 22. Rd4 h5 23. gxh5 Rcxh5 24. Bd3 Rxh2 25. Rxh2 Rxh2 26. b3 a5 27.
Rxf4 Rf2 28. Kb2 Kd6 29. Kc3 Ke5 30. Re4+ Kd6 31. Rd4+ Ke5 32. Re4+ Kd6 33. f4
f5 34. Rd4+ Kc5 35. a3 Kc6 36. b4 Kc7 37. b5 Rh2 38. a4 Rh3 39. Kd2 Rh1 40. Bc4
Rh2+ 41. Be2 Rh4 42. Ke3 Rh3+ 43. Kf2 Rh2+ 44. Kf3 Rh3+ 45. Kg2 Rh8 46. Bc4 Rd8
47. Rxd8 Kxd8 48. Bxe6 fxe6 49. Kf3 Kd7 50. Ke3 Ke7 51. Kd4 Kd7 52. c4 Kd6 53.
c5+ bxc5+ 54. Kc4 e5 55. fxe5+ Kxe5 1-0

[Event "Superliga 2011 M"]
[Site "Brasov/Rumania"]
[Date "2011.10.11"]
[Round "4.1"]
[White "Mosnegutu, Klauss"]
[Black "Svetushkin, Dmitry"]
[Result "0-1"]
[ECO "D10"]
[WhiteElo "2240"]
[BlackElo "2594"]
[PlyCount "82"]
[EventDate "2011.??.??"]
[TimeControl "40/5400+30:1800+30"]

1. d4 d5 2. c4 c6 3. Nc3 Nf6 4. cxd5 cxd5 5. Bf4 Nc6 6. e3 a6 7. Bd3 Bg4 8. f3
Bh5 9. g4 Bg6 10. h4 e6 11. h5 Bxd3 12. Qxd3 Be7 13. Bg3 Rc8 14. Rh2 Nd7 15. a3
Nb6 16. b3 O-O 17. f4 f6 18. Nf3 e5 19. Nh4 e4 20. Qd2 Nb4 21. Nf5 Nd3+ 22. Kf1
Rf7 23. Nd1 Bf8 24. Nf2 Nxf2 25. Bxf2 Rfc7 26. Be1 Qd7 27. a4 Qe6 28. Qe2 Nd7
29. Qb2 Nb8 30. Nh4 Qxg4 31. h6 g6 32. Rg2 Qh3 33. Kg1 Qxe3+ 34. Bf2 Qxf4 35.
Bg3 Rc1+ 36. Kh2 Qf1 37. Rxc1 Rxc1 38. Bxb8 Bxh6 39. Bd6 Bf4+ 40. Kh3 Bxd6 41.
Qd2 Qh1+ 0-1

[Event "Superliga 2011 M"]
[Site "Brasov/Rumania"]
[Date "2011.10.11"]
[Round "4.1"]
[White "Mateuta, Gabriel"]
[Black "Posedaru, Bogdan"]
[Result "1/2-1/2"]
[ECO "A90"]
[WhiteElo "2507"]
[BlackElo "2322"]
[PlyCount "34"]
[EventDate "2011.??.??"]
[TimeControl "40/5400+30:1800+30"]

1. d4 d5 2. c4 e6 3. Nf3 c6 4. Nbd2 f5 5. g3 Nf6 6. Bg2 Bd6 7. O-O Nbd7 8. Qc2
O-O 9. b3 Qe7 10. Bb2 b6 11. Ne5 Bb7 12. Rac1 Rac8 13. Rfd1 c5 14. Nxd7 Nxd7
15. dxc5 Nxc5 16. Qb1 f4 17. cxd5 exd5 1/2-1/2

[Event "Superliga 2011 M"]
[Site "?"]
[Date "2011.10.11"]
[Round "4.1"]
[White "Ionescu, Mihai"]
[Black "Danilov, Vladimir"]
[Result "1/2-1/2"]
[ECO "A30"]
[WhiteElo "2340"]
[BlackElo "2441"]
[PlyCount "120"]
[EventDate "2011.??.??"]
[TimeControl "120+13"]

1. Nf3 Nf6 2. c4 e6 3. g3 c5 4. Bg2 Nc6 5. O-O a6 6. Nc3 Qc7 7. b3 b6 8. d4
cxd4 9. Nxd4 Bb7 10. Bf4 e5 11. Nxc6 exf4 12. Nd4 Bxg2 13. Kxg2 fxg3 14. hxg3
Bb4 15. Qd3 O-O 16. Nd5 Nxd5 17. cxd5 Qc3 18. Rad1 f5 19. Qxc3 Bxc3 20. e3 Rac8
21. Rd3 Rc5 22. Rfd1 g6 23. Ne2 Be5 24. f4 Bf6 25. Kf3 h5 26. e4 fxe4+ 27. Kxe4
Kf7 28. R1d2 Rfc8 29. Kf3 b5 30. g4 hxg4+ 31. Kxg4 Rh8 32. Ng3 Rc1 33. Rd1 Rc2
34. R1d2 Rh2 35. Rxh2 Rxh2 36. a4 bxa4 37. bxa4 Rh4+ 38. Kf3 g5 39. fxg5 Bxg5
40. Ne4 Kg6 41. Nc5 d6 42. Nxa6 Rf4+ 43. Ke2 Rxa4 44. Nc7 Kf5 45. Ne6 Bf6 46.
Nc7 Be5 47. Rf3+ Ke4 48. Re3+ Kd4 49. Rd3+ Kc4 50. Rd1 Rb4 51. Ke3 Rb7 52. Ne6
Bb2 53. Ke4 Rh7 54. Nf4 Rh2 55. Ke3 Rc2 56. Kf3 Bc1 57. Ne6 Bd2 58. Ke4 Bc3 59.
Nd4 Rh2 60. Nf5 Bb4 1/2-1/2